[Event "Early-Titled-Tuesday-Blitz-August-29-2023"]
[Site "Chess.com"]
[Date "2023.08.29"]
[Round "5"]
[White "Cheer_Down"]
[Black "queen_iryna"]
[Result "1/2-1/2"]
[WhiteElo "2506"]
[BlackElo "2348"]
[TimeControl "180+1"]
[EndTime "8:56:50 PDT"]
[Termination "Game drawn by 50-move rule"]

1. e4 d6 2. d4 Nf6 3. Nc3 e5 4. Nf3 Nbd7 5. Bc4 Be7 6. a4 O-O 7. O-O c6 8. h3 h6 9. Re1 Re8 10. a5 Bf8 11. Be3 exd4 12. Bxd4 Qc7 13. Bf1 Ne5 14.
Nd2 g5 15. g3 c5 16. Be3 Ng6 17. Bg2 Bd7 18. Nc4 Bc6 19. Qd3 Rad8 20. Bd2 b5 21. axb6 axb6 22. Nd5 Nxd5 23. exd5 Bb5 24. Bc3 Rxe1+ 25.
Rxe1 Ra8 26. b3 Ra2 27. Ra1 Rxa1+ 28. Bxa1 Qe7 29. Qc3 Bxc4 30. bxc4 Qe5 31. Qxe5 Nxe5 32. Bxe5 dxe5 33. Be4 Bd6 34. Kf1 Kf8 35. Ke2 Ke7 36. Kd3 Bc7 37. Kc3 Kd6 38. Kb3 Bd8 39. Ka4 h5 40. Kb5 h4 41. gxh4 gxh4 42. Ka6 Bc7 43. Kb7 Bd8 44. Kc8 Bg5 45. Bf5 Bd2 46. f3 Bg5 47. Bh7 Bf6 48. Bg8 Bg5 49. Bxf7 Bf6 50. Bg6 Bg5 51. Bf5 Bf6 52. Be4 Bg5 53.
Kb7 Bd8 54. Bf5 Bc7 55. Bg4 Bd8 56. Kc8 Bf6 57. Kb7 Bd8 58. Ka6 Bc7 59. Ka7 Bd8 60.
Ka6 Bc7 61. Kb5 Bd8 62. Ka4 Bg5 63. Kb3 Bf4 64. Kc3 Bg3 65. Kd3 Bf4 66. Ke4 Bg3 67. Kf5 Bf2 68. Kg5 Be1 69. Kf5 Bg3 70. Bh5 Be1 71.
Kf6 Bg3 72. Kf7 Bf4 73. Ke8 Bg5 74. Kf7 Bf4 75. Kf6 Be3 76. Kf5 Bf4 77. Kg4 Bg3 78. Bg6 Bf2 79. Bf5 Be1 80. Bd3 Bf2 81. Kf5 Be3 82.
Kf6 Bf4 83. Kf7 Bg5 84. Ke8 Bf6 85. Be4 Bg5 86. Bh7 Bf6 87. Kf7 Bg5 88. Kg6 Bf4 89.
Kh5 Bg3 90. Kg5 Bf2 91. Kg4 Bg3 92. Kf5 Bf2 93. Bg8 Bg3 94. Kg5 Bf2 95. Kg4 Bg3 96. Kf5 Bf2 97. Ke4 Bg3 98. Kd3 Bf2 99. Kc3 1/2-1/2

[Event "Early-Titled-Tuesday-Blitz-August-29-2023"]
[Site "Chess.com"]
[Date "2023.08.29"]
[Round "5"]
[White "Preobrazhenska_D2011"]
[Black "MusicCityMaster"]
[Result "1-0"]
[WhiteElo "2300"]
[BlackElo "2421"]
[TimeControl "180+1"]
[EndTime "8:56:52 PDT"]
[Termination "Preobrazhenska_D2011 won by checkmate"]

1. e4 c5 2. Nf3 d6 3. d4 cxd4 4. Nxd4 Nf6 5. Nc3 a6 6. Bg5 e6 7. f4 Nbd7 8. Qf3 Qc7 9. O-O-O b5 10. g4 Bb7 11. Bxf6 Nxf6 12. g5 Nd7 13. Kb1 Be7 14. Rg1 b4 15. Nce2 Rc8 16. Rc1 Nc5 17. Ng3 h6 18. g6 fxg6 19. Bh3 Bf6 20. Nxe6 Nxe6 21.
Bxe6 Rb8 22. Qg4 Qe7 23. Qxg6+ Kd8 24. Qf7 Qxf7 25. Bxf7 Rf8 26. Be6 Bd4 27. Rgf1 Be3 28. Rcd1 Rxf4 29. Rxd6+ Ke7 30. Rfd1 Bc5 31. Rd7+ Kxe6 32.
Nh5 Bxe4 33. Nxf4+ Ke5 34. Nd3+ Bxd3 35. R7xd3 a5 36. Re1+ Kf4 37. Rf1+ Ke4 38. Rd7 g5 39.
b3 a4 40. Re1+ Kf5 41. Rd5+ Kg4 42. Rxc5 a3 43. Rc4+ Kh3 44. Rf1 Kxh2 45. Rg4 Re8 46. Kc1 Re2 47. Rxb4 h5 48. Rb5 Rg2 49. Rff5 Rg1+ 50.
Kd2 Rg2+ 51. Kc3 h4 52. Rxg5 Rf2 53. Rh5 h3 54. Rbg5 Rf3+ 55. Kb4 Rf2 56. Kxa3 Rxc2 57.
Rg7 Rc6 58. Rgh7 Ra6+ 59. Kb2 Kg2 60. Rxh3 Rd6 61. Rh2+ Kg3 62. R7h3+ Kg4 63. Re3 Kf4 64. Rc3 Ke4 65. a4 Rb6 66. Rh4+ Kd5 67. a5 Rb5 68. a6 Ra5 69. Rh5+ Kd4 70. Rxa5 Ke4 71. a7 Kd4 72. Rc4+ Kd3 73. a8=Q Ke3 74. Qe4+ Kd2 75. Rd5# 1-0

[Event "Early-Titled-Tuesday-Blitz-August-29-2023"]
[Site "Chess.com"]
[Date "2023.08.29"]
[Round "5"]
[White "garfield_pg"]
[Black "Alphafischer2019"]
[Result "1/2-1/2"]
[WhiteElo "2375"]
[BlackElo "2525"]
[TimeControl "180+1"]
[EndTime "8:56:53 PDT"]
[Termination "Game drawn by agreement"]

1. d4 e6 2. Nf3 Nf6 3. Bf4 b6 4. e3 Bb7 5. Bd3 Be7 6. h3 c5 7. c3 cxd4 8. exd4 d6 9. O-O O-O 10. Re1 Nbd7 11. a4 a6 12. Na3 Re8 13. Bf1 Rc8 14. Nc4 Qc7 15. Bh2 Bc6 16. Nfd2 Ra8 17. Ne3 b5 18. axb5 axb5 19. Qb3 Rxa1 20. Rxa1 Qb7 21.
f3 h5 22. Nc2 Nd5 23. Nb4 Nxb4 24. Qxb4 d5 25. Bd6 Bxd6 26. Qxd6 Nb6 27. Nb3 Qd7 28. Qxd7 Bxd7 29. Nc5 Bc6 30. Ra7 Ra8 31. Rc7 Be8 32.
Rb7 Nc4 33. b3 Nd6 34. Rb6 Rd8 35. Nb7 Nxb7 36. Rxb7 Rc8 37. Kf2 f6 38. Bxb5 Bxb5 39. Rxb5 Rxc3 40. Rb8+ Kf7 41. Rb7+ Kf8 42. Rb8+ Kf7 43.
Rb7+ Kg6 44. g4 hxg4 45. hxg4 e5 46. dxe5 fxe5 47. Rb6+ Kg5 48. Re6 Kf4 49. Re7 Rc2+ 50. Kf1 e4 51. fxe4 dxe4 52. Rxg7 Rb2 53. Rf7+ Ke3 54. g5 Rb1+ 55. Kg2 Rb2+ 56. Kg3 Rxb3 57. g6 Kd2+ 58. Kf4 e3 59. g7 Rb4+ 60. Kf5 Rb5+ 61.
Ke4 Rg5 62. Rd7+ Ke2 63. Kf4 Rg2 64. Re7 Kf2 65. Rxe3 Rxg7 66. Rf3+ Kg2 67. Ra3 Rf7+ 68. Ke5 Rf2 69. Ke4 Rf8 70. Rd3 Re8+ 71. Kd4 Rd8+ 72.
Kc4 Rc8+ 73. Kd4 Kf2 74. Rc3 Rd8+ 75. Ke4 Ke2 76. Ke5 Re8+ 77. Kf6 Rf8+ 78. Ke7 Rh8 79.
Ra3 Rh7+ 1/2-1/2

[Event "Early-Titled-Tuesday-Blitz-August-29-2023"]
[Site "Chess.com"]
[Date "2023.08.29"]
[Round "5"]
[White "GAZZAN_3000"]
[Black "Kaua18"]
[Result "1/2-1/2"]
[WhiteElo "2671"]
[BlackElo "2500"]
[TimeControl "180+1"]
[EndTime "8:56:56 PDT"]
[Termination "Game drawn - insufficient material"]

1. d4 Nf6 2. Nf3 e6 3. c4 d5 4. g3 Bd6 5. Bg2 O-O 6. c5 Be7 7. O-O b6 8. Qc2 bxc5 9. dxc5 Nc6 10. a3 a5 11. Bf4 Nd7 12. Be3 e5 13. Rd1 d4 14.
Nxd4 exd4 15. Bxc6 dxe3 16. Bxa8 exf2+ 17. Kxf2 Bxc5+ 18. Kg2 Qg5 19. Nc3 Qe3 20. Ne4 Bb6 21. Rd3 Qh6 22. Qc6 Qxc6 23. Bxc6 Ne5 24. Bd5 Nxd3 25. exd3 g6 26. Rf1 Kg7 27. Rf6 Bf5 28. Rc6 Rd8 29. Nf6 Bd4 30. Rxc7 Bxf6 31. Rxf7+ Kh6 32. Rxf6 Rxd5 33. Rb6 Rxd3 34. h4 a4 35. Rb4 Rb3 36. Rxa4 Rxb2+ 37. Kf3 Rb3+ 38. Kf4 Rb5 39. g4 Bd7 40. Ra7 Rd5 41. a4 Kg7 42. a5 Kf7 43. a6 Ke7 44. Rb7 Rd4+ 45. Kf3 Ra4 46. a7 Kd6 47.
Ke3 Kc6 48. Rb8 Rxa7 49. Rh8 Bxg4 50. Kf4 Bf5 51. Kg5 Kd6 52. h5 Ke5 53. h6 Ke4 54.
Re8+ Kf3 55. Kf6 Kg4 56. Re1 Kh4 57. Rh1+ Bh3 58. Re1 g5 59. Ra1 g4 60. Rxa7 g3 61. Ra4+ Bg4 62. Kg7 g2 63. Ra1 Bf5 64. Kf6 Bd3 65.
Kg7 Bf1 66. Ra4+ Kh3 67. Ra3+ Kh4 68. Ra4+ Kg5 69. Ra5+ Kf4 70. Ra4+ Kf5 71. Ra5+ Kf4 72. Ra4+ Kf3 73. Ra3+ Ke4 74. Rg3 Kf4 75. Rxg2 Bxg2 76. Kxh7 Be4+ 77. Kg7 Kg5 78. h7 Bxh7 1/2-1/2

[Event "Early-Titled-Tuesday-Blitz-August-29-2023"]
[Site "Chess.com"]
[Date "2023.08.29"]
[Round "5"]
[White "Shuvalov"]
[Black "AradNazari"]
[Result "0-1"]
[WhiteElo "2473"]
[BlackElo "2769"]
[TimeControl "180+1"]
[EndTime "8:57:02 PDT"]
[Termination "AradNazari won on time"]

1. d4 Nf6 2. c4 g6 3. Nc3 d5 4. cxd5 Nxd5 5. e4 Nxc3 6. bxc3 Bg7 7. Nf3 c5 8. Bb5+ Bd7 9. Rb1 O-O 10. O-O Bg4 11. Be2 cxd4 12. cxd4 Bxf3 13. Bxf3 Bxd4 14.
Rxb7 Nc6 15. Bh6 Re8 16. Qe2 Qc8 17. Rbb1 Be5 18. Rfc1 Nd4 19. Qd1 Qe6 20. Bg4 Qxa2 21.
f4 Bh8 22. e5 Rad8 23. Ra1 Qb3 24. Rxa7 Qe3+ 25. Kh1 Nf5 26. Qg1 Qxg1+ 27. Kxg1 Nxh6 28. Bd7 Rf8 29. g4 g5 30. fxg5 Bxe5 31. Rc4 Rb8 32.
gxh6 Rb1+ 33. Kg2 Rb2+ 34. Kf3 Rxh2 35. g5 Bd6 36. Rc8 Rxc8 37. Bxc8 e6 38. Ra8 Bf8 39. Bd7 Rd2 40. Be8 Rd5 41. Kg4 Rd4+ 42. Kh5 Rf4 43. Ra7 Rf5 44. Kh4 Bc5 45. Rb7 Bf8 46. Kg4 Rf1 47.
Bc6 Rf2 48. Be4 Bd6 49. Kh3 Rf4 50. Bd3 Rd4 51. Bf1 Bf8 52. Rb8 Rd5 53. Kg4 Rd4+ 54.
Kg3 f6 55. gxf6 Kf7 56. Kg2 Bd6 57. Rb7+ Kxf6 58. Rxh7 Kg6 59. Rh8 Be5 60. Re8 Kf7 61. Rc8 Rg4+ 62. Kf3 Rf4+ 63. Ke2 Rh4 64. Ra8 Rxh6 65.
Ra7+ Kf6 66. Ra4 Rh2+ 67. Kf3 Rb2 68. Bd3 Rb3 69. Ke2 Rb2+ 70. Kf3 Bd6 71. Rc4 Ke5 72.
Re4+ Kf6 73. Rg4 Bc5 74. Re4 e5 75. Rg4 Rf2+ 76. Ke4 Bd4 77. Kd5 Rd2 78. Be4 Be3+ 0-1

[Event "Early-Titled-Tuesday-Blitz-August-29-2023"]
[Site "Chess.com"]
[Date "2023.08.29"]
[Round "5"]
[White "OparinGrigoriy"]
[Black "tptagain"]
[Result "1/2-1/2"]
[WhiteElo "2974"]
[BlackElo "2881"]
[TimeControl "180+1"]
[EndTime "8:57:04 PDT"]
[Termination "Game drawn - insufficient material"]

1. Nf3 d5 2. e3 c6 3. c4 e6 4. b3 Nf6 5. Bb2 Be7 6. Rg1 O-O 7. g4 c5 8. g5 Ne4 9. h4 Nc6 10. d3 Qa5+ 11. Nbd2 Nxd2 12. Qxd2 Qxd2+ 13. Nxd2 Rd8 14. cxd5 exd5 15. Rc1 Bf5 16. a3 a5 17. e4 Be6 18.
f4 g6 19. h5 dxe4 20. dxe4 a4 21. hxg6 hxg6 22. bxa4 Nd4 23. Bb5 Bf8 24. Rg3 b6 25. Nc4 Nxb5 26. axb5 Ra4 27. Nd2 Bg7 28. Bxg7 Kxg7 29.
Rcc3 Ra5 30. Rgd3 Rh8 31. Rf3 Rh1+ 32. Kf2 Rxb5 33. f5 gxf5 34. exf5 Bd5 35. Rh3 Rxh3 36. Rxh3 Rb2 37. Ke1 Bb7 38. Re3 Ra2 39. Re7 Bd5 40. Rd7 Bc6 41. Rd6 Bg2 42. Nc4 b5 43.
Ne5 Rxa3 44. f6+ Kh7 45. Kf2 Bh3 46. g6+ fxg6 47. f7 Ra8 48. Rxg6 Rf8 49. Rc6 Kg7 50.
Ke3 c4 51. Rg6+ Kh7 52. Rb6 Bf5 53. Kf4 Bd3 54. Kg5 Kg7 55. Rxb5 Rxf7 56. Nxf7 Kxf7 57. Rc5 Ke6 58. Kf4 Kd6 59. Rc8 Kd5 60. Ke3 Bf5 61. Rd8+ Kc5 62. Kd2 Bd3 63. Kc3 Kb5 64. Rh8 Kc5 65.
Rh5+ Kd6 66. Kd4 Ke6 67. Re5+ Kf6 68. Re1 Kf5 69. Re8 Kf6 70. Rf8+ Ke6 71. Rh8 Kf6 72. Rh5 Ke6 73. Rd5 Kf6 74. Re5 Kf7 75. Kd5 Kf6 76.
Kd6 c3 77. Rc5 c2 78. Kd5 Bg6 79. Kd4 Bf5 80. Ke3 Bg6 81. Kf4 Bd3 82. Rc3 Ke6 83.
Ke3 Bg6 84. Kd4 Kd6 85. Rxc2 Bxc2 1/2-1/2

[Event "Early-Titled-Tuesday-Blitz-August-29-2023"]
[Site "Chess.com"]
[Date "2023.08.29"]
[Round "5"]
[White "ProfessorChess101"]
[Black "temiksmozg"]
[Result "0-1"]
[WhiteElo "2424"]
[BlackElo "2644"]
[TimeControl "180+1"]
[EndTime "8:57:17 PDT"]
[Termination "temiksmozg won by checkmate"]

1. e4 c5 2. Nf3 Nc6 3. Nc3 e5 4. Bc4 d6 5. d3 Be7 6. Nd2 Nf6 7.
Nf1 Be6 8. Ng3 d5 9. exd5 Nxd5 10. Nxd5 Bxd5 11. Qg4 Bxc4 12. Qxc4 Qd4 13. Nf5 Qxc4 14. dxc4 g6 15. Ne3 O-O-O 16. Nd5 Rd7 17. c3 e4 18. Bf4 Bd6 19. Bxd6 Rxd6 20. O-O-O Ne5 21. Kc2 Nxc4 22.
Rhe1 f5 23. b3 Na5 24. g4 Rhd8 25. Ne7+ Kd7 26. Rxd6+ Kxd6 27. Nd5 Ke5 28. c4 Nc6 29. Kc3 Nd4 30. f4+ Kd6 31. gxf5 gxf5 32. Rg1 Kc6 33. Rg7 Rd7 34. Ne7+ Kc7 35. Nd5+ Kd6 36. Rg8 b5 37. Rf8 b4+ 38. Kd2 Kc6 39. Ke3 Nc2+ 40. Ke2 Nd4+ 41. Ke3 Rg7 42. Rf6+ Kb7 43. Kf2 Rd7 44. Rf8 a5 45.
Ke3 a4 46. Kf2 axb3 47. axb3 Nxb3 48. Rxf5 Nd2 49. Ne3 b3 50. Rxc5 Rd6 51. Nd5 Ka6 52. Rb5 Nxc4 53. Rxb3 Rxd5 54. Rb4 Nd6 55. Ke3 Rd3+ 56.
Ke2 Rf3 57. Rd4 Nf5 58. Rxe4 Rh3 59. Re5 Nd4+ 60. Kf2 Kb6 61. Rd5 Nc6 62. Rd7 Rh6 63. Kg2 Nb8 64. Rg7 Kc6 65. Rg8 Nd7 66. Kg3 Kd6 67.
Ra8 Ke7 68. Ra7 Rg6+ 69. Kf3 Rb6 70.
h4 Ke6 71. Ra5 Nf6 72. Re5+ Kf7 73. h5 Rb3+ 74. Kg2 Kg7 75. Rg5+ Kh6 76. Ra5 Nxh5 77. Ra6+ Kg7 78. Ra7+ Kg6 79. Ra6+ Nf6 80. Kf2 Kf5 81. Kg2 h5 82. Kh1 h4 83. Kg2 h3+ 84. Kh1 Ng4 85. Ra5+ Kxf4 86. Ra4+ Kg3 87. Ra1 Nf2+ 88. Kg1 h2+ 89.
Kf1 h1=Q+ 90. Ke2 Qxa1 91. Kd2 Qa2+ 92. Ke1 Rb1# 0-1

[Event "Early-Titled-Tuesday-Blitz-August-29-2023"]
[Site "Chess.com"]
[Date "2023.08.29"]
[Round "5"]
[White "enriquebutti"]
[Black "Biregina"]
[Result "1-0"]
[WhiteElo "2254"]
[BlackElo "2442"]
[TimeControl "180+1"]
[EndTime "8:57:20 PDT"]
[Termination "enriquebutti won by checkmate"]

1. d4 d6 2. c4 e5 3. Nf3 exd4 4.
Nxd4 Nf6 5. Nc3 Be7 6. g3 O-O 7. Bg2 Nbd7 8. O-O Re8 9. b3 Bf8 10. e4 Nc5 11. Re1 c6 12. Bb2 a5 13. a3 Qb6 14.
Qc2 Bd7 15. Rab1 Rad8 16. Ba1 Ne6 17. Nde2 Ng5 18. Nf4 Bg4 19. h4 Nf3+ 20. Kf1 Nxe1 21. Rxe1 Be6 22. Na4 Qa6 23. Bxf6 gxf6 24. Nh5 Bg7 25.
Qc3 b5 26. Nb2 bxc4 27. Nxc4 Bxc4+ 28. bxc4 Re5 29. Nf4 Rc5 30. Rc1 f5 31. Qd3 d5 32.
exd5 cxd5 33. Nxd5 Kh8 34. Bf3 Rdc8 35. Be2 Qe6 36. Nf4 Qe5 37. Qd7 R5c7 38. Qd5 Qxd5 39. Nxd5 Rc5 40. Rd1 Bb2 41. a4 Kg7 42. Ne3 Bf6 43. f4 Be7 44. Bd3 Kf8 45. Nxf5 Rd8 46.
Ke2 Rc6 47. Ne3 Rb6 48. Nd5 Rb2+ 49. Kf3 Bc5 50. Kg4 Rd6 51. Bxh7 Rb3 52. Bd3 Bf2 53. h5 Rh6 54. Rf1 Bd4 55. Rf3 Rh8 56. f5 Rg8+ 57. Kf4 Bc5 58. g4 Bd6+ 59. Ke4 Kg7 60. g5 Re8+ 61. Kd4 Be5+ 62. Kc5 Rc8+ 63. Nc7 Bxc7 64.
Kd5 Rd8+ 65. Ke4 Re8+ 66. Kd5 Rb6 67. c5 Rb4 68. f6+ Kh8 69. g6 Be5 70. gxf7 Rf8 71. Kxe5 Rxf7 72. Bg6 Rf8 73. f7 Rxa4 74. Ke6 Kg7 75. Rd3 Rh4 76. Ke7 Rh2 77. c6 Re2+ 78. Kd6 Rd8+ 79. Kc5 Rc2+ 80. Kb6 Rb8+ 81. Ka7 Rc8 82.
Re3 R2xc6 83. Re8 R6c7+ 84. Kb6 a4 85. f8=Q# 1-0

[Event "Early-Titled-Tuesday-Blitz-August-29-2023"]
[Site "Chess.com"]
[Date "2023.08.29"]
[Round "5"]
[White "Zhani-Z"]
[Black "knightinshiningarmour16"]
[Result "1-0"]
[WhiteElo "2337"]
[BlackElo "2115"]
[TimeControl "180+1"]
[EndTime "8:57:21 PDT"]
[Termination "Zhani-Z won by checkmate"]

1. e4 c6 2. d4 d5 3. exd5 cxd5 4.
Bd3 Nc6 5. c3 Nf6 6. h3 g6 7.
Nf3 Bf5 8. Bxf5 gxf5 9. Bf4 Ne4 10. Nbd2 e6 11. O-O Bd6 12. Ne5 Qc7 13. Nxe4 fxe4 14. Qh5 Bxe5 15. Bxe5 Nxe5 16. Qxe5 Qxe5 17. dxe5 Rg8 18.
c4 Kd8 19. cxd5 exd5 20. Rad1 Ke7 21. Rxd5 Ke6 22. Rfd1 Rg5 23. Rd6+ Kf5 24. g4+ Kf4 25. R1d5 Kf3 26. Kf1 e3 27. Rd4 e2+ 28. Ke1 Rxe5 29. Rd3+ Kg2 30. Rg3+ Kh2 31. Rdd3 Rc8 32. Rc3 Rd8 33.
Rgd3 Rde8 34. f4 Re4 35. Rf3 Rd8 36. Rf2+ Kh1 37. Rxe2 Rxe2+ 38. Kxe2 Re8+ 39. Re3 Rd8 40. Rd3 Re8+ 41. Kf2 Kh2 42. g5 Re4 43. Kf3 Rc4 44. Kg4 Rb4 45. Rd7 Rxb2 46. Rxf7 Rxa2 47. Rxb7 a5 48.
Rxh7 a4 49. Ra7 a3 50. g6 Rg2+ 51. Kf5 a2 52. g7 Kxh3 53. Kf6 Rg4 54. f5 Kg3 55.
Kf7 Kf4 56. f6 Kf5 57. Ra5+ Kf4 58. g8=Q Rxg8 59. Kxg8 a1=Q 60. Rxa1 Kf5 61. f7 Ke6 62. f8=Q Kd5 63. Qf7+ Kc6 64. Kg7 Kb5 65. Qf6 Kc4 66. Re1 Kd3 67. Re5 Kc4 68. Kf7 Kd3 69. Ke6 Kd4 70.
Qe7 Kc4 71. Qd6 Kc3 72. Rc5+ Kb3 73. Kd5 Ka4 74. Qb6 Ka3 75. Ra5# 1-0

[Event "Early-Titled-Tuesday-Blitz-August-29-2023"]
[Site "Chess.com"]
[Date "2023.08.29"]
[Round "5"]
[White "jcibarra"]
[Black "Sina_Movahed"]
[Result "1/2-1/2"]
[WhiteElo "2881"]
[BlackElo "2975"]
[TimeControl "180+1"]
[EndTime "8:57:34 PDT"]
[Termination "Game drawn by stalemate"]

1. e4 c5 2. Nf3 d6 3. c3 Nf6 4. h3 g6 5. Bd3 Bg7 6. Bc2 O-O 7. O-O e5 8. d4 exd4 9. cxd4 cxd4 10.
Nxd4 Nc6 11. Nc3 d5 12. Nxc6 bxc6 13. Bg5 h6 14. Be3 Re8 15. Ba4 Bd7 16. exd5 Nxd5 17.
Nxd5 cxd5 18. Bxd7 Qxd7 19. Qd2 Kh7 20. Rfd1 Rad8 21. Bd4 Re4 22. Bxg7 Kxg7 23. Rac1 d4 24. Qd3 Re6 25. Rc4 Rd6 26. a4 a5 27. b3 h5 28.
Rdc1 Rd5 29. Rc5 Qb7 30. Rc7 Qb4 31. R7c4 Qb8 32. Rc5 Qe5 33. Rxd5 Rxd5 34. Rd1 h4 35. Qc4 Qd6 36. Rd3 f6 37. Qc1 g5 38. Qd2 Qc5 39.
Kh2 Qc7+ 40. Kg1 Qe5 41. b4 axb4 42. Qxb4 Rc5 43. Rd1 d3 44. Qd2 Rd5 45. a5 Qd6 46. Qa2 d2 47. a6 Re5 48. Qxd2 Qxa6 49. Qd7+ Kg6 50. Qd8 Qe6 51. Qd3+ Kh6 52. Qd2 Re4 53. Qd3 Qe5 54. Qd2 Re2 55. Qb4 Kg6 56. Qb1+ Kh6 57. Qb4 Kh5 58. Qg4+ Kg6 59. Qb4 Qf5 60. Qd4 Qc2 61.
Qd3+ Qxd3 62. Rxd3 Re1+ 63. Kh2 Rf1 64. f3 Kf5 65.
Rd4 Ke5 66. Re4+ Kf5 67. Rd4 Re1 68. Ra4 Rc1 69. Rb4 Rd1 70. Ra4 Ke5 71. Re4+ Kd5 72. Ra4 Rd4 73. Ra6 Ke5 74. Kg1 Kf4 75. Kf2 Rd2+ 76. Kf1 Kg3 77. Rxf6 Rf2+ 78. Ke1 Rxg2 79. Rf5 Kxh3 80. Kf1 Rg3 81. Kf2 Kh2 82. Rf6 Rg2+ 83. Kf1 h3 84. Rf5 Rg3 85. Kf2 Rg2+ 86. Kf1 Kh1 87.
Re5 Rg1+ 88. Kf2 Rg2+ 89. Kf1 Kh2 90. Rd5 Rg3 91. Kf2 Rg1 92. Rc5 Rg2+ 93. Kf1 Kg3 94. Rxg5+ Kxf3 95. Rxg2 hxg2+ 96. Kg1 Kg3 1/2-1/2

[Event "Early-Titled-Tuesday-Blitz-August-29-2023"]
[Site "Chess.com"]
[Date "2023.08.29"]
[Round "5"]
[White "rasmussvane"]
[Black "GMKrikor"]
[Result "1-0"]
[WhiteElo "2980"]
[BlackElo "2864"]
[TimeControl "180+1"]
[EndTime "8:57:34 PDT"]
[Termination "rasmussvane won by resignation"]

1. Nf3 d5 2. g3 Nc6 3. d4 Bf5 4. Bg2 Nb4 5. Na3 e6 6. O-O Be7 7. c3 Nc6 8. Qb3 Rb8 9. Re1 Nf6 10. Bg5 O-O 11. Bxf6 Bxf6 12. Nd2 Be7 13. e4 dxe4 14.
Nxe4 Bg6 15. Nc4 b5 16. Ne3 Na5 17. Qd1 c6 18. b4 Nb7 19. a4 a6 20. h4 h6 21. Nd2 a5 22. axb5 cxb5 23. h5 Bh7 24. Bxb7 Rxb7 25. Rxa5 Qc7 26. Ra3 Rc8 27. Qe2 Qb8 28.
Rea1 Rbc7 29. Qf3 Qb7 30. Qxb7 Rxb7 31. Ra8 Rc7 32. Rxc8+ Rxc8 33. Ra3 Bd3 34. Nf3 Be2 35. Ne5 Bxh5 36. g4 Bg6 37. Nxg6 fxg6 38. Kf1 Bg5 39. Ke2 h5 40. Kd3 h4 41. Ra1 Rf8 42. Ke2 Rc8 43.
Kd3 Bf4 44. Ng2 g5 45. Nxf4 gxf4 46. g5 Kf7 47. Rh1 Kg6 48. Rxh4 Kxg5 49. Rh1 Kf5 50. Re1 Rb8 51. f3 Kf6 52. Re5 g5 53. Ke4 Ra8 54.
Rxb5 Ra1 55. Re5 Rc1 56. Kd3 Rd1+ 57. Ke2 Rc1 58. Rc5 Rc2+ 59. Ke1 Rc1+ 60. Kd2 Rf1 61. Ke2 Rb1 62. b5 Rb2+ 63. Ke1 Rb1+ 64. Kd2 Rf1 65.
Ke2 Rb1 66. c4 Rb3 67. Rc6 Kf5 68. b6 g4 69. fxg4+ Kxg4 70. Rxe6 Rb2+ 71. Kd3 f3 72. c5 Kg5 73. Re8 f2 74. Rf8 Kg4 75. d5 Kg3 76.
d6 Rb3+ 77. Kc4 Rf3 78. Rxf3+ Kxf3 79. Kd5 f1=Q 80. d7 Qb5 81. Kd6 Qd3+ 82. Kc7 Qh7 83. b7 Qh2+ 84. Kc8 Qh3 85. c6 Qe6 86. c7 Qg8+ 87. d8=Q Qg4+ 88. Kb8 Qf4 89. Qd7 Qe5 90. Kc8 Qh8+ 91. Qd8 Qh3+ 92. Kb8 Qg3 93. Qd5+ Ke2 94. Ka8 Qxc7 95. b8=Q Qc3 96. Qbb3 Qa5+ 97. Qxa5 1-0

[Event "Early-Titled-Tuesday-Blitz-August-29-2023"]
[Site "Chess.com"]
[Date "2023.08.29"]
[Round "5"]
[White "Muracle"]
[Black "Hope_6"]
[Result "1-0"]
[WhiteElo "2492"]
[BlackElo "2716"]
[TimeControl "180+1"]
[EndTime "8:58:01 PDT"]
[Termination "Muracle won by resignation"]

1. d4 d5 2. c4 dxc4 3. Nf3 Nf6 4. e3 e6 5. Bxc4 c5 6. O-O a6 7. a4 cxd4 8. exd4 Nc6 9. Nc3 Be7 10. Bg5 O-O 11. h4 h6 12. Bxf6 Bxf6 13. d5 exd5 14.
Nxd5 Be6 15. Nxf6+ Qxf6 16. Bxe6 Qxe6 17. Re1 Qf6 18.
Qb3 Nd4 19. Nxd4 Qxd4 20. Qxb7 Rab8 21. Qe4 Qxb2 22. Qe5 Qc2 23. Qe4 Qc3 24. Qe5 Rfc8 25. Qxc3 Rxc3 26. g3 Rc2 27. Re4 Rbb2 28. Rf4 f6 29.
Rd1 Rc6 30. Rd7 h5 31. Re4 Rc1+ 32. Kg2 Rcc2 33. Rf4 Rb6 34. Re4 Rbb2 35. Rf4 Rb6 36. Re4 f5 37. Ree7 Rg6 38. Re8+ Kh7 39. Rf8 Rc5 40.
Rdf7 Rc4 41. Rxf5 Rh6 42. a5 Ra4 43. R8f7 Kg6 44. Rf8 Kh7 45. Rg5 Ra2 46. Rf7 Rg6 47. Rxh5+ Kg8 48. Rf3 Rd6 49. Re5 Kh7 50. Re7 Rg6 51.
h5 Rg5 52. Rff7 Raxa5 53. Rd7 Rg4 54. Rfe7 Rxh5 55. Re6 Rg6 56. Rxg6 Kxg6 57. Rd6+ Kh7 58. Rxa6 Rc5 59. Ra3 g6 60. Rf3 Kg7 61. Rf4 Rb5 62.
Kf3 Rc5 63. Kg4 Ra5 64. Rc4 Rb5 65. Rc6 Ra5 66. f4 Rb5 67. Re6 Rc5 68. Re5 Rc3 69. Kh4 Kf6 70. Ra5 Rb3 71. Ra6+ Kg7 72. g4 Rb5 73.
Ra7+ Kg8 74. Rc7 Kf8 75. Ra7 Rc5 76. Rb7 Rd5 77. Kg3 Ra5 78. Kf3 Rc5 79. Ke4 Ra5 80.
Rd7 Rb5 81. Rd5 Rb6 82. Ke5 Ke7 83. Ra5 Rb7 84. Ra6 Rb5+ 85. Ke4 Kf7 86. Ra7+ Kf8 87. Rc7 Ra5 88. Kd4 Rb5 89. Rc5 Rb6 90. Ke5 Ra6 91.
Rc7 Rb6 92. Rd7 Ra6 93. Rd6 Ra5+ 94. Kf6 Ke8 95. Kxg6 Ra3 96. f5 Rg3 97. g5 Ke7 98.
Re6+ Kd7 99. Re1 Rf3 100. f6 Rf2 101. Kg7 1-0

[Event "Early-Titled-Tuesday-Blitz-August-29-2023"]
[Site "Chess.com"]
[Date "2023.08.29"]
[Round "5"]
[White "MITerryble"]
[Black "YairParkhov"]
[Result "1-0"]
[WhiteElo "2944"]
[BlackElo "2676"]
[TimeControl "180+1"]
[EndTime "8:58:51 PDT"]
[Termination "MITerryble won by checkmate"]

1. e4 c6 2. Nf3 d5 3. exd5 cxd5 4. Ne5 Nf6 5. d4 Nc6 6. Bb5 Bd7 7. Bxc6 Bxc6 8. O-O g6 9. Re1 Bg7 10. b3 O-O 11.
Ba3 Re8 12. Nd2 Rc8 13. c3 b6 14. Qf3 Bb7 15. h4 Qc7 16. Rac1 e6 17. Qf4 Nh5 18.
Qe3 f6 19. Nd3 Bh8 20. g4 Ng7 21. Qh6 Qf7 22. Nf3 Ba6 23. Re3 Bxd3 24. Rxd3 Rc6 25. Kg2 Rec8 26. Re3 Ne8 27. Qf4 Bg7 28. Rc2 Qc7 29.
Qxc7 Nxc7 30. Bb2 Kf7 31. a4 Ne8 32. Rce2 Nc7 33. Kf1 b5 34. axb5 Nxb5 35. Kg2 h6 36.
c4 Nc7 37. c5 g5 38. hxg5 hxg5 39. Ne1 e5 40. dxe5 Ne6 41. exf6 Nf4+ 42. Kf1 Bxf6 43.
Rd2 Rh8 44. Nf3 Rh1+ 45. Ng1 Bxb2 46. Rxb2 Rxc5 47. Rb1 d4 48. Re4 d3 49. Rd4 Rxg1+ 50. Kxg1 Ne2+ 51. Kg2 Nxd4 52. Rd1 Nxb3 53. Rxd3 Rb5 54.
Rd7+ Ke6 55. Rxa7 Nc5 56. Kf3 Nd3 57. Ke3 Nf4 58. Ra8 Rb3+ 59. Ke4 Rb4+ 60. Ke3 Nd5+ 61. Kf3 Rf4+ 62. Kg3 Nf6 63. f3 Rb4 64. Ra6+ Kf7 65. Ra7+ Kg6 66. Ra6 Rb2 67. Rc6 Kf7 68. Rc5 Kg6 69.
Rc6 Rd2 70. Ra6 Kf7 71. Ra5 Nd5 72. Ra7+ Ke6 73. Ra6+ Ke5 74. Ra5 Kd4 75. Rb5 Ke3 76. Ra5 Ke2 77. Rb5 Kf1 78. Rb1+ Ke2 79. Rb5 Ke3 80.
Rb3+ Kd4 81. Rb5 Kc4 82. Ra5 Kb4 83. Ra1 Ne3 84. Rb1+ Kc4 85. Rg1 Kd4 86. f4 gxf4+ 87. Kxf4 Nd5+ 88. Kg5 Rf2 89. Rd1+ Ke5 90. Re1+ Kd6 91.
Kg6 Nf4+ 92. Kg5 Ne6+ 93. Kg6 Ke7 94. Re4 Rg2 95. Ra4 Rg1 96. Rb4 Kd6 97. Re4 Kd5 98. Ra4 Nd4 99. Ra5+ Ke4 100. g5 Ne6 101. Kf6 Nf4 102. Ra4+ Kf3 103. Kf5 Nh3 104. Ra3+ Kg2 105. g6 Rf1+ 106. Ke6 Nf4+ 107. Kf7 Nd5+ 108. Kg8 Ne7+ 109. Kg7 Nf5+ 110. Kh8 Rh1+ 111. Kg8 Rh6 112. Kf7 Nd6+ 113. Kg7 Nf5+ 114. Kf7 Nd6+ 115. Kf6 Ne4+ 116. Kf5 Ng3+ 117. Kg5 Rh5+ 118. Kg4 Rh6 119. Rxg3+ Kf2 120. Rf3+ Kg2 121. Rf6 Rh8 122. g7 Rg8 123. Rf7 Kh2 124. Kg5 Kg3 125. Kg6 Kg4 126. Kh7 Rc8 127. g8=Q+ Kh5 128. Qg6+ Kh4 129. Rf4+ Kh3 130. Qg4+ Kh2 131. Rf2+ Kh1 132. Qg2# 1-0

[Event "Early-Titled-Tuesday-Blitz-August-29-2023"]
[Site "Chess.com"]
[Date "2023.08.29"]
[Round "6"]
[White "rochaaaaaaaaaa"]
[Black "Colombiano07"]
[Result "1-0"]
[WhiteElo "2227"]
[BlackElo "2373"]
[TimeControl "180+1"]
[EndTime "9:00:47 PDT"]
[Termination "rochaaaaaaaaaa won by resignation"]

1. e4 c6 2. d4 d5 3. e5 c5 4.
Nf3 Nc6 5. dxc5 Bg4 6. c3 e6 7.
Be3 Bxf3 8. Qxf3 Nxe5 9. Bb5+ Nc6 10. c4 a6 11. Ba4 Bxc5 12. Bxc6+ bxc6 13. Bxc5 1-0

[Event "Early-Titled-Tuesday-Blitz-August-29-2023"]
[Site "Chess.com"]
[Date "2023.08.29"]
[Round "6"]
[White "Xavier_mompel"]
[Black "vladoboch"]
[Result "1/2-1/2"]
[WhiteElo "2318"]
[BlackElo "2442"]
[TimeControl "180+1"]
[EndTime "9:00:51 PDT"]
[Termination "Game drawn by repetition"]

1. e4 c5 2. Nf3 Nc6 3. d4 cxd4 4. Nxd4 e5 5. Nb5 d6 6. c4 Be7 7. N1c3 a6 8. Na3 f5 9. exf5 Bxf5 10. Bd3 Be6 11. O-O Nf6 12. Ne4 O-O 13. Nxf6+ gxf6 14. Bxh7+ Kxh7 15. Qh5+ Kg8 16. Qg6+ Kh8 17. Qh6+ Kg8 18. Qg6+ Kh8 19. Qh6+ Kg8 20. Qg6+ 1/2-1/2

[Event "Early-Titled-Tuesday-Blitz-August-29-2023"]
[Site "Chess.com"]
[Date "2023.08.29"]
[Round "6"]
[White "dropstoneDP"]
[Black "BahadirOzen"]
[Result "1-0"]
[WhiteElo "2975"]
[BlackElo "2803"]
[TimeControl "180+1"]
[EndTime "9:00:59 PDT"]
[Termination "dropstoneDP won by resignation"]

1. d4 a6 2. e4 c6 3. Nf3 d5 4. exd5 cxd5 5. c3 Nc6 6. Bf4 Bg4 7. Nbd2 Nf6 8. Qb3 Na5 9. Qa4+ Bd7 10. Qc2 Nc6 11.
Bd3 Bg4 12. Ne5 Nxe5 13. dxe5 Nd7 14. h3 Bh5 15. g4 Bg6 16. e6 Bxd3 17. exd7+ 1-0